 Dungeon Crawl Stone Soup version 0.27-a0-103-g6cd7b45605 (webtiles) character file.

Game seed: 6761706454384434744

114 Ishchenko the Insei (level 5, -7/41 HPs)
             Began as a Human Monk on Jan 23, 2021.
             Mangled by Blork the orc
             ... wielding a +0 trident
              (9 damage)
             ... on level 5 of the Dungeon.
             The game lasted 00:03:34 (2997 turns).

Ishchenko the Insei (Human Monk)                    Turns: 2997, Time: 00:03:34

Health: -7/41      AC:  2    Str: 11    XL:     5   Next: 19%
Magic:  5/5        EV: 14    Int: 10    God:
Gold:   126        SH:  0    Dex: 17    Spells: 4/4 levels left

rFire    . . .     SeeInvis .     - Unarmed
rCold    . . .     Faith    .   (no shield)
rNeg     . . .     Spirit   .   a - +0 robe
rPois    .         Reflect  .   (no helmet)
rElec    .         Harm     .   (no cloak)
rCorr    .         Rampage  .   (no gloves)
Will     .....                  (no boots)
Stlth    ++........             (no amulet)
HPRegen  0.13/turn              (no ring)
MPRegen  0.09/turn              (no ring)

@: lethally poisoned (-7 -> -10)
A: no striking features
a: no special abilities


You were on level 5 of the Dungeon.
You visited 1 branch of the dungeon, and saw 5 of its levels.

You collected 126 gold pieces.

Inventory:

Armour
 a - a +0 robe (worn)
Jewellery
 f - an uncursed amulet of guardian spirit {unknown}
Scrolls
 c - 4 scrolls of identify
 h - a scroll of noise {unknown}
 i - a scroll of blinking {unknown}
Potions
 b - a potion of heal wounds {unknown}
 g - a potion of degeneration {unknown}
 j - a potion of attraction {unknown}
 k - a potion of flight {unknown}


   Skills:
 + Level 3.4 Fighting
 + Level 3.8 Dodging
 + Level 2.4 Stealth
 + Level 4.3 Unarmed Combat


You had 4 spell levels left.
You didn't know any spells.
Your spell library was empty.

Dungeon Overview and Level Annotations

Branches:
Dungeon (6/15)
 Temple: D:4-7

Altars:
Fedhas
The Shining One

Annotations:
D:5 Blork the orc


Message History

The adder poisons you! The adder closely misses you.
A gnoll sergeant comes into view. It is wielding a +0 spear of venom.
A gnoll comes into view. It is wielding a +0 whip.
You feel sick.
Blork the orc comes into view.
He is wielding a +0 trident.
You feel sick.
Blork the orc shouts!
You hear a shout!
Blork the orc closely misses you. The adder barely misses you.
You barely miss the adder.
You feel sick. Blork the orc misses you. The adder bites you.
* * * LOW HITPOINT WARNING * * *
A gnoll comes into view. It is wielding a +0 club.
Blork the orc hits you from afar with a +0 trident.
* * * LOW HITPOINT WARNING * * *
The adder barely misses you. The adder bites you.
* * * LOW HITPOINT WARNING * * *
Blork the orc hits you with a +0 trident!
You die... #........# #........# ###.#......# .......... g.g

.....
.g ...
#. #o#
#.###@#
#.ggS.#
#..####
#.>#
#..#
#..#
....
.....
..####.


You could see Blork the orc, 2 gnolls and an adder.

Vanquished Creatures
  A worker ant (D:3)
  4 adders (D:2)
  An ooze (D:2)
  A worm (D:3)
  A dart slug (D:3)
  A leopard gecko (D:2)
  An orc (D:3)
  2 giant cockroaches (D:2)
  5 goblins
  7 hobgoblins
  3 jackals (D:1)
  7 kobolds
  2 bats
  A frilled lizard (D:1)
  8 rats
45 creatures vanquished.

Notes
Turn   | Place    | Note
-------+----------+-------------------------------------------
     0 | D:1      | Ishchenko the Human Monk began the quest for the Orb.
     0 | D:1      | Reached XP level 1. HP: 18/18 MP: 1/1
    95 | D:1      | Reached XP level 2. HP: 22/24 MP: 2/2
   837 | D:1      | Reached XP level 3. HP: 26/29 MP: 3/3
  1306 | D:2      | Reached XP level 4. HP: 26/35 MP: 4/4
  1727 | D:2      | Reached skill level 4 in Unarmed Combat
  2338 | D:3      | Found a glowing golden altar of the Shining One.
  2338 | D:3      | Found a blossoming altar of Fedhas.
  2683 | D:3      | Reached XP level 5. HP: 6/41 MP: 5/5
  2900 | D:3      | You fall into a shaft and drop 3 floors!
  2989 | D:5      | Entered Level 5 of the Dungeon
  2993 | D:5      | Noticed Blork the orc
  2997 | D:5      | HP: 2/41 [adder (1)]
  2997 | D:5      | Mangled by Blork the orc

Illustrated notes

Levels and vault maps discovered:
D:1:      matt_arrival_refuge, layout_basic
D:2:      layout_rooms, minmay_worlds_worst_comb
D:3:      layout_loops_corners, gammafunk_temple_overflow_pools, minivault_25
D:5:      layout_loops_ring, minmay_temple_entry_butterflies,
          portal_sewer_entry_e, grunt_decor_junction, uniq_blork_the_orc
D:6:      kennysheep_orc_sif_temple, layout_loops_ring, general_overflow_altar,
          serial_shops, shop, tgw_trog, uniq_menkaure, uniq_eustachio

Skill      XL: |  1  2  3  4 |
---------------+-------------+-----
Unarmed Combat | 4 |  4.3
Fighting       | |  3.4
Dodging        | |  3.8
Stealth        | |  2.4

Action                   |  1- 3 |  4- 6 || total
-------------------------+-------+-------++-------
Melee: Unarmed           |   116 |    81 ||   197
       Punch             |       |     2 ||     2
  Use: Potion            |       |     4 ||     4
       Scroll            |       |     2 ||     2
 Stab: Sleeping          |     3 |     1 ||     4
Armor: Robe              |    22 |     7 ||    29
Dodge: Dodged            |    87 |    67 ||   154

Table legend: (Time is in decaauts)
 A = Elapsed time spent in this place.
 B = Non-inter-level travel time spent in this place.
 C = Inter-level travel time spent in this place.
 D = Time resting spent in this place.
 E = Time spent auto-exploring this place.
 F = Levels seen in this place.
 G = Mean time per level.
                   A        B        C        D        E       F      G
               +--------+--------+--------+--------+--------+-----+--------+
         Total |   2984 |   2941 |     43 |    878 |   1575 |   5 |  596.8 |
       Dungeon |   2984 |   2941 |     43 |    878 |   1575 |   5 |  596.8 |
               +--------+--------+--------+--------+--------+-----+--------+

Top non-repeatable levels by time:
     D:2: 1165 daAuts
     D:1: 905 daAuts
     D:3: 817 daAuts
     D:6: 88 daAuts
     D:5: 7 daAuts
